 Dungeon Crawl Stone Soup version 0.31.0-4-g52a2dc7128 (webtiles) character file.

Game seed: 8139138953811634473

32 LinLOL the Magician (level 3, -1/19 HPs)
             Began as a Deep Elf Hedge Wizard on Jan 22, 2024.
             Slain by a goblin
             ... wielding a +0 dagger
             ... led by Robin
              (4 damage)
             ... on level 2 of the Dungeon.
             The game lasted 00:10:08 (1195 turns).

LinLOL the Magician (Deep Elf Hedge Wizard)         Turns: 1195, Time: 00:10:10

Health: -1/19      AC:  2    Str:  7    XL:     3   Next: 10%
Magic:  3/11       EV: 13    Int: 20    God:
Gold:   89         SH:  0    Dex: 14    Spells: 11/12 levels left

rFire   + . .        a - +0 dagger
rCold   + . .        (no shield)
rNeg    . . .        b - +0 robe
rPois   +            c - +0 hat
rElec   +            (no cloak)
rCorr   +            (no gloves)
SInv    .            (no boots)
Will    .....        (no amulet)
Stlth   ++           g - ring of poison resistance
HPRegen 0.23/turn    (no ring)
MPRegen 0.12/turn

%: no passive effects
@: resistant
A: no striking features
a: no special abilities


You were on level 2 of the Dungeon.
You visited 1 branch of the dungeon, and saw 2 of its levels.

You collected 89 gold pieces.

Inventory:

Hand Weapons
 a - a +0 dagger (weapon)
Missiles
 e - 10 stones
 k - 5 poisoned darts
Armour
 b - a +0 robe (worn)
 c - a +0 hat (worn)
 f - a +0 robe
Jewellery
 g - a ring of poison resistance (left hand)
 l - a ring of protection from fire
Scrolls
 i - a scroll of identify
 n - a scroll of acquirement
Potions
 d - a potion of magic
 h - a potion of invisibility


   Skills:
 + Level 3.0 Dodging
 + Level 2.9 Stealth
 + Level 5.2 Spellcasting
 + Level 1.4 Conjurations
 - Level 1.1 Summonings
 + Level 1.1 Translocations


You had 11 spell levels left.
You knew the following spells:

 Your Spells              Type           Power      Damage    Failure   Level
a - Magic Dart            Conj           40%        1d5       6%          1

Your spell library contained the following spells:

 Spells                   Type           Power      Damage    Failure   Level
 Blink                    Tloc           18%        N/A       11%         2
 Call Imp                 Summ           18%        N/A       11%         2
 Slow                     Hex            20%        N/A       12%         1
 Cigotuvi's Dreadful Rot  Necr/Alch/Air  10%        N/A       17%         2
 Mephitic Cloud           Conj/Alch/Air  7%         N/A       28%         3


Dungeon Overview and Level Annotations

Branches:
Dungeon (2/15)

Altars:

Annotations:
D:2 Robin


Message History

Robin zaps a wand.
The puff of flame misses you.
The goblin no longer looks unusually strong.
Robin roars a battlecry!
The goblins go into a battle-frenzy!
Robin throws the goblin out of sight!
The goblin misses you.
Casting: Magic Dart (safe; 6% risk of failure)
Confirm with . or Enter, or press ? or * to list all spells.
Aiming: Magic Dart (safe; 6% risk of failure)
Press: ? - help, Shift-Dir - straight line, f - goblin
Aim: a goblin, wielding a +0 club (strong, unable to see you, 100% to hit)
The magic dart hits the goblin.
You kill the goblin!
The goblin completely misses you.
Robin throws the goblin out of sight!
The goblin hits you with a +0 dagger.
An endoplasm comes into view.
It was a potion of resistance.
You feel protected.
You flicker back into view.
The goblin hits you with a +0 club.
Robin roars a battlecry!
The goblin goes into a battle-frenzy!
You hear a shout!
Unknown command.
You hit the goblin.
The goblin is moderately wounded.
The goblin hits you but does no damage. The goblin barely misses you.
You closely miss the goblin.
The goblin is moderately wounded.
Robin throws the goblin at you!
* * * LOW HITPOINT WARNING * * *
The goblin closely misses you. The goblin hits you with a +0 club.
* * * LOW HITPOINT WARNING * * *
Casting: Magic Dart (safe; 6% risk of failure)
Confirm with . or Enter, or press ? or * to list all spells.
Aiming: Magic Dart (safe; 6% risk of failure)
Press: ? - help, Shift-Dir - straight line, f - goblin
Aim: a goblin, wielding a +0 club (strong, 100% to hit)
The magic dart hits the goblin.
The goblin is severely wounded.
The goblin misses you. The goblin hits you with a +0 dagger.
You die...

. # .#.# # ... # ... #
####### #.# # #...gg#
#.########
#....@#######.##.g....
#....ggg...<#.........
#.....#.###...g#......
#.....#g†...g#g#####..
#####.#..##....# #.#
#.#.g)....## #.#
#....?..### ##.#
####.#### #... #.#
#...


You could see Robin, a hobgoblin (strong) and 5 goblins.

Vanquished Creatures
  A dart slug (D:1)
  3 bats
  4 endoplasms
  2 giant cockroaches (D:1)
  6 goblins
  2 hobgoblins
  2 quokkas (D:1)
  A ball python (D:1)
  2 kobolds (D:1)
  3 rats (D:1)
26 creatures vanquished.

Notes
Turn   | Place    | Note
-------+----------+-------------------------------------------
     0 | D:1      | LinLOL the Deep Elf Hedge Wizard began the quest for the
                  | Orb.
     0 | D:1      | Reached XP level 1. HP: 10/10 MP: 7/7
   247 | D:1      | Reached XP level 2. HP: 11/15 MP: 6/9
   468 | D:1      | Reached skill level 5 in Spellcasting
  1131 | D:2      | Reached XP level 3. HP: 17/19 MP: 1/11
  1146 | D:2      | Noticed Robin
  1172 | D:2      | Identified a scroll of acquirement
  1195 | D:2      | Slain by a goblin

Illustrated notes

Levels and vault maps discovered:
D:1:      reono_arrival_mine, layout_loops_ring, minmay_fountain_box
D:2:      layout_loops_cross, nicolae_ecumenical_snake_handling, uniq_robin

Skill      XL: |  1  2 |
---------------+-------+-----
Spellcasting   | 5 |  5.2
Dodging        | 3 |  3.0
Stealth        | |  2.9
Conjurations   | |  1.4
Summonings     | |  1.1
Translocations | |  1.1

Action                     || total
---------------------------++-------
  Melee: Dagger            ||    42
   Cast: Magic Dart        ||    61
    Use: Potion            ||     3
         Scroll            ||     1
   Stab: Sleeping          ||     1
         Invisible         ||     1
 Armour: Robe              ||    52
  Dodge: Dodged            ||    62
